 Dungeon Crawl Stone Soup version 0.29.1-15-g9cfb28693d (webtiles) character file.

Game seed: 1850784074807160849

4 leafyfresh the Sneak (level 1, -4/16 HPs)
             Began as an Octopode Delver on Mar 4, 2023.
             Slain by an orc priest
             ... wielding a +0 mace
              (6 damage)
             ... on level 5 of the Dungeon.
             The game lasted 00:00:06 (32 turns).

leafyfresh the Sneak (Octopode Delver)                Turns: 32, Time: 00:00:07

Health: -4/16      AC:  1    Str: 11    XL:     1   Next: 60%
Magic:  1/1        EV: 13    Int: 12    God:
Gold:   0          SH:  0    Dex: 13    Spells: 0/0 levels left

rFire   . . .      SeeInvis .   a - +0 short sword
rCold   . . .      Faith    .   (no shield)
rNeg    . . .      Spirit   .   (helmet restricted)
rPois   .          Reflect  .   (no amulet)
rElec   .          Harm     .   (no ring)
rCorr   .          Rampage  .   (no ring)
Will    .....                   (no ring)
Stlth   ++++......              (no ring)
HPRegen 0.05/turn               (no ring)
MPRegen 0.07/turn               (no ring)
                                (no ring)
                                (no ring)

@: no status effects
A: almost no armour, amphibious, 8 rings, camouflage 1, gelatinous body 1,
(nimble swimmer 1), tentacles
a: no special abilities


You were on level 5 of the Dungeon.
You visited 1 branch of the dungeon, and saw 1 of its levels.

Inventory:

Hand Weapons
 a - a +0 short sword (weapon)
Wands
 f - a wand of digging (3)
Scrolls
 b - a scroll of fog
 c - a scroll of magic mapping
 d - a scroll of fear
Potions
 e - a potion of haste


   Skills:
 + Level 3.0 Fighting
 - Level 2.0 Short Blades
 + Level 2.1 Dodging
 + Level 6.7 Stealth


You couldn't memorise any spells.
You didn't know any spells.
Your spell library was empty.

Dungeon Overview and Level Annotations

Branches:
Dungeon (5/15)
 Temple: D:4-7

Altars:


Innate Abilities, Weirdness & Mutations

You cannot wear most types of armour.
You are amphibious.
You can wear up to eight rings at the same time.
Your skin changes colour to match your surroundings (Stealth+).
Your rubbery body absorbs attacks. (AC +1, EV +1)
((You are camouflaged when in or above water. (Stealth+)))
You have tentacles for arms and can constrict up to eight enemies at once.


Message History

Welcome, leafyfresh the Octopode Delver.
If you return without finding the Orb of Zot, so far below, it's all over!
Press ? for a list of commands and other information.
Found a stone staircase leading down.
An orc comes into view. It is wielding a +0 dagger.
An adder comes into view.
There are monsters nearby!
An orc comes into view. It is wielding a +0 whip.
There are monsters nearby!
Found a book of Air.
There are monsters nearby!
The orc shouts! x2; You hear a shout!
You hit the orc but do no damage. You grab the orc. You constrict the orc.
The orc misses you.
You hit the orc. You squeeze the orc.
You kill the orc!
An orc priest comes into view. It is wielding a +0 mace.
The orc barely misses you.
The orc priest calls down the wrath of Beogh upon you.
Beogh smites you!
Ouch! That really hurt!
* * * LOW HITPOINT WARNING * * *
Things that are here:
a +0 dagger; an orc corpse You completely miss the orc.
Your grab misses the orc. Your squeeze misses the orc.
The orc hits you with a +0 whip.
* * * LOW HITPOINT WARNING * * *
You barely miss the orc. You grab the orc. You squeeze the orc.
The orc is heavily wounded.
You constrict the orc. The orc closely misses you.
You hit the orc but do no damage.
The orc is severely wounded.
You constrict the orc. The orc barely misses you.
You hit the orc.
You kill the orc!
You hit the orc priest but do no damage.
You grab the orc priest. You constrict the orc priest.
The orc priest hits you with a +0 mace.
You die...

........#
...S....##
#........
#.#.....#
#.#.....#
#.#.....
#.#.##.#######.##
#.#.......@o...:#
#.###.###########
#.###.........#
#.....###.###.#
.######.# #.#
.##.....###.#
.#.......##.#
.#.......##.#
.#.......##.#


You could see an orc priest.

Vanquished Creatures
  2 orcs (D:5)
2 creatures vanquished.

Notes
Turn   | Place    | Note
-------+----------+-------------------------------------------
     0 | D:5      | leafyfresh the Octopode Delver began the quest for the Orb.
     0 | D:5      | Reached XP level 1. HP: 16/16 MP: 1/1
    26 | D:5      | Noticed an orc priest
    32 | D:5      | Slain by an orc priest

Illustrated notes

Levels and vault maps discovered:
D:5:      layout_basic, general_overflow_altar, uniq_blork_the_orc,
          uniq_grinder, uniq_eustachio

Action                   || total
-------------------------++-------
Melee: Short sword       ||     7
       Constrict         ||     3
       Tentacles         ||     2
Dodge: Dodged            ||     4
